 Dungeon Crawl Stone Soup version 0.26-a0-572-g753d7e3450 (webtiles) character file.

Game seed: 17357782991049522852

845451 ANON1729 the Talismancer (level 27, -5/278 HPs)
             Began as a Deep Dwarf Fighter on Aug 21, 2020.
             Was the Champion of Makhleb.
             Killed from afar by an Ice Fiend (20 damage)
             ... with a bolt of cold
             ... on level 15 of a ziggurat.
             The game lasted 05:01:08 (67548 turns).

ANON1729 the Talismancer (Deep Dwarf Fighter)      Turns: 67548, Time: 05:01:09

Health: -5/278     AC: 49    Str: 48    XL:     27
Magic:  8/8        EV:  9    Int: 21    God:    Makhleb [******]
Gold:   3899       SH:  4    Dex: 14    Spells: 27/42 levels left

rFire    + + .     SeeInvis +   y - +7 great mace "Firestarter" {inner flame, rF++}
rCold    + . .     Faith    .   (shield currently unavailable)
rNeg     + + .     Spirit   .   u - +11 crystal plate armour of Xehof {Str+6}
rPois    +         Reflect  .   q - +2 helmet {Int+3}
rElec    +         Harm     .   k - scarf {+Inv}
rCorr    .                      o - +2 pair of gloves {Str+3}
MR       ++++.                  P - +0 pair of boots of Divine Intercession {rPois rN+ Str+8}
Stlth    ..........             W - amulet of the acrobat
HPRegen  0.00/turn              w - ring "Zugefuky" {*Drain rElec Str+3 SInv Stlth-}
MPRegen  0.11/turn              f - ring "Pyteen" {*Drain rC+ Int+4 Slay+2 Stlth+}

@: lethally poisoned (-5 -> -5), very slightly contaminated, non-regenerating,
lightly drained
A: damage resistance, heal wounds, large bone plates 1, agile 1, blink, clever
1, mutation resistance 1, negative energy resistance 1, sense surroundings 3,
weak 1, subdued magic 1, no regeneration
}: 5/15 runes: serpentine, barnacled, slimy, silver, abyssal
a: Heal Wounds, Blink, Minor Destruction, Lesser Servant of Makhleb, Major
Destruction, Greater Servant of Makhleb, Renounce Religion, Evoke Invisibility


You were on level 15 of a ziggurat.
You worshipped Makhleb.
Makhleb was exalted by your worship.
You visited 14 branches of the dungeon, and saw 60 of its levels.
You visited the Abyss 3 times.
You visited 1 ziggurat, and saw 15 of its levels.
You also visited: Ice Cave.

You collected 11072 gold pieces.
You spent 7173 gold pieces at shops.

Inventory:

Hand Weapons
 y - the +7 great mace "Firestarter" (weapon) {inner flame, rF++}
   (You took it off a fire giant on level 10 of the Dungeon)

   It has been specially enchanted to burn those struck by it, causing extra
   injury to most foes and up to half again as much damage against particularly
   susceptible opponents.
   It greatly protects you from fire.
 A - the +8 frozen axe "Frostbite" {freezing cloud, *Noise +Fly rC+}
   (You took it off a deep elf elementalist on level 3 of the Elven Halls)

   It has been specially enchanted to freeze those struck by it, causing extra
   injury to most foes and up to half again as much damage against particularly
   susceptible opponents.
   It can also slow down cold-blooded creatures.
   It protects you from cold.
   It lets you fly.
   It may make noises in combat.
 O - the +7 sceptre of Torment {pain, torment}
   (You bought it in a shop on level 2 of the Orcish Mines)

   In the hands of one skilled in necromantic magic, it inflicts extra damage on
   living creatures.
Armour
 k - a scarf of invisibility (worn)
 o - a +2 pair of gloves of strength (worn)
 q - a +2 helmet of intelligence (worn)
 u - the +11 crystal plate armour of Xehof (worn) {Str+6}
   (You bought it in a shop on level 2 of the Elven Halls)

   It affects your strength (+6).
 P - the +0 pair of boots of Divine Intercession (worn) {rPois rN+ Str+8}
   (You found it on level 2 of the Depths)

   It affects your strength (+8).
   It protects you from poison.
   It protects you from negative energy.
Jewellery
 f - the ring "Pyteen" (right hand) {*Drain rC+ Int+4 Slay+2 Stlth+}
   (You took it off a deep elf master archer on level 3 of the Elven Halls)

   [ring of stealth]

   It affects your intelligence (+4).
   It affects your accuracy and damage with ranged weapons and melee attacks
   (+2).
   It protects you from cold.
   It causes draining when unequipped.
   It makes you more stealthy.
 w - the ring "Zugefuky" (left hand) {*Drain rElec Str+3 SInv Stlth-}
   (You found it on level 3 of the Crypt)

   [ring of attention]

   It affects your strength (+3).
   It insulates you from electricity.
   It lets you see invisible.
   It causes draining when unequipped.
   It makes you less stealthy.
 C - an uncursed ring of resist corrosion
 W - an amulet of the acrobat (around neck)
Wands
 c - a wand of iceblast (54)
 r - a wand of acid (31)
 s - a wand of digging (9)
 B - a wand of paralysis (37)
 D - a wand of flame (135)
 H - a wand of disintegration (79)
 U - a wand of enslavement (25)
Scrolls
 b - 10 scrolls of fog
 g - 14 scrolls of fear
 l - 40 scrolls of remove curse
 m - a scroll of blinking
 p - a scroll of enchant weapon
 v - 9 scrolls of magic mapping
 F - 6 scrolls of vulnerability
 I - 4 scrolls of summoning
 L - 2 scrolls of silence
 N - 11 scrolls of immolation
 R - 34 scrolls of teleportation
 S - 5 scrolls of enchant armour
 V - a scroll of holy word
 Z - 16 scrolls of identify
Potions
 d - 6 potions of might
 h - 25 potions of curing
 n - 2 potions of berserk rage
 x - 3 potions of ambrosia
 z - 9 potions of stabbing
 E - 10 potions of brilliance
 G - 5 potions of magic
 J - 3 potions of haste
 K - 8 potions of mutation
 M - 4 potions of flight
 Q - 18 potions of heal wounds
 T - 4 potions of invisibility
 X - 13 potions of lignification
 Y - 8 potions of cancellation
Miscellaneous
 a - a lightning rod (4/4)
 e - a tin of tremorstones (inert)
 i - a phantom mirror
 j - a condenser vane (2/2)
 t - a box of beasts (3/3)


   Skills:
 * Level 22.3 Fighting
 - Level 11.0(19.5) Axes
 * Level 23.4(23.8) Maces & Flails
 * Level 22.3(22.2) Armour
 - Level 3.0(2.9) Stealth
   Level 5.4 Shields
 * Level 8.1 Spellcasting
 * Level 10.7(10.6) Necromancy
 + Level 3.7(3.6) Translocations
 - Level 16.2 Transmutations
 + Level 18.1 Earth Magic
 - Level 24.1 Invocations
 O Level 27(26.9) Evocations


You had 27 spell levels left.
You knew the following spells:

 Your Spells              Type           Power        Failure   Level
a - Wereblood             Tmut           ######..     1%          2
b - Passwall              Tmut/Erth      ######..     1%          2
c - Animate Skeleton      Necr           #####.       1%          1
d - Apportation           Tloc           ###...       5%          1
e - Lee's Rapid Deconstr  Erth           ######....   1%          5
f - Passage of Golubria   Tloc           N/A          50%         4

Your spell library contained the following spells:

 Spells                   Type           Power        Failure   Level
 Sandblast                Erth           ######       0%          1
 Beastly Appendage        Tmut           ######       1%          1
 Pain                     Necr           ####         1%          1
 Sting                    Tmut/Pois      ####         1%          1
 Sublimation of Blood     Necr           #####.....   1%          2
 Stone Arrow              Conj/Erth      #####.       1%          3
 Vampiric Draining        Necr           #####.....   1%          3
 Petrify                  Tmut/Erth      ######..     1%          4
 Blade Hands              Tmut           ######....   1%          5
 Spider Form              Tmut/Pois      ####......   2%          3
 Animate Dead             Necr           #####.....   2%          4
 Dispel Undead            Necr           #####...     2%          4
 Corpse Rot               Necr/Air       N/A          3%          2
 Statue Form              Tmut/Erth      ######...    3%          6
 Leda's Liquefaction      Hex/Erth       #####.....   5%          4
 Blink                    Tloc           N/A          8%          2
 Ignite Poison            Fire/Tmut/Pois ###.....     8%          3
 Ice Form                 Ice/Tmut       ####....     9%          4
 Agony                    Necr           #####...     9%          5
 Excruciating Wounds      Necr           #####.....   9%          5
 Gell's Gravitas          Tloc           ###.......   17%         3
 Lesser Beckoning         Tloc           ###.......   17%         3
 Teleport Other           Tloc           ###.....     17%         3
 Corona                   Hex            #......      26%         1
 Foxfire                  Conj/Fire      #...         26%         1
 Freeze                   Ice            #...         26%         1
 Magic Dart               Conj           #...         26%         1
 Shock                    Conj/Air       #...         26%         1
 Summon Small Mammal      Summ           #...         26%         1
 Alistair's Intoxication  Tmut/Pois      ####.....    26%         5
 Irradiate                Conj/Tmut      ####......   26%         5
 Yara's Violent Unravell  Hex/Tmut       ####......   26%         5
 Portal Projectile        Hex/Tloc       ##....       34%         3
 Call Imp                 Summ           #.......     36%         2
 Ensorcelled Hibernation  Hex/Ice        #.....       36%         2
 Poisonous Vapours        Pois/Air       #.....       36%         2
 Searing Ray              Conj           #.....       36%         2
 Slow                     Hex            #.......     36%         2
 Death Channel            Necr           #####.....   45%         6
 Bolt of Magma            Conj/Fire/Erth ####......   52%         5
 Call Canine Familiar     Summ           #.......     61%         3
 Confusing Touch          Hex            #.......     61%         3
 Conjure Flame            Conj/Fire      #.......     61%         3
 Dazzling Flash           Conj/Hex       #.....       61%         3
 Frozen Ramparts          Ice            #.....       61%         3
 Inner Flame              Hex/Fire       #.......     61%         3
 Mephitic Cloud           Conj/Pois/Air  #.......     61%         3
 Ozocubu's Armour         Ice            #.......     61%         3
 Static Discharge         Conj/Air       #.......     61%         3
 Summon Guardian Golem    Hex/Summ       #.......     61%         3
 Tukima's Dance           Hex            #.......     61%         3
 Iron Shot                Conj/Erth      #####.....   69%         6
 Iskenderun's Mystic Bla  Conj/Tloc      ##......     77%         4
 Eringya's Noxious Bog    Tmut/Pois      ####......   83%         6
 Airstrike                Air            #.........   95%         4
 Cause Fear               Hex            #.........   95%         4
 Fulminant Prism          Conj/Hex       #.........   95%         4
 Hailstorm                Conj/Ice       #.......     95%         4
 Olgreb's Toxic Radiance  Pois           #.......     95%         4
 Sticky Flame             Conj/Fire      #.......     95%         4
 Summon Ice Beast         Ice/Summ       #.......     95%         4
 Summon Lightning Spire   Summ/Air       #.......     95%         4
 Simulacrum               Ice/Necr       ###.......   99%         6
 Fireball                 Conj/Fire      #.........   100%        5
 Iskenderun's Battlesphe  Conj           #.......     100%        5
 Metabolic Englaciation   Hex/Ice        #.........   100%        5
 Silence                  Hex/Air        #.........   100%        5
 Summon Demon             Summ           #.........   100%        5
 Summon Mana Viper        Hex/Summ       #.......     100%        5
 Freezing Cloud           Conj/Ice/Air   #.........   100%        6
 Ozocubu's Refrigeration  Ice            #.........   100%        6
 Starburst                Conj/Fire      #.........   100%        6
 Malign Gateway           Summ/Tloc      ##........   100%        7
 Orb of Destruction       Conj           #.........   100%        7
 Spellforged Servitor     Conj/Summ      #.........   100%        7
 Summon Hydra             Summ           #.........   100%        7
 Chain Lightning          Conj/Air       #.........   100%        8
 Ignition                 Fire           #.........   100%        8
 Lehudib's Crystal Spear  Conj/Erth      #####.....   100%        8
 Absolute Zero            Ice            #.........   100%        9
 Fire Storm               Conj/Fire      #.........   100%        9
 Shatter                  Erth           ######....   100%        9
 Tornado                  Air            #.........   100%        9


Dungeon Overview and Level Annotations

Branches:
Dungeon (15/15)            Temple (1/1) D:4            Lair (6/6) D:10
 Shoals (4/4) Lair:3        Snake (4/4) Lair:4        Slime (5/5) Lair:6
    Orc (2/2) D:10            Elf (3/3) Orc:2        Vaults (5/5) D:13
  Crypt (3/3) Vaults:2       Tomb (1/3) Crypt:3      Depths (5/5) D:15
   Hell (visited)             Zot (5/5) Depths:5      IceCv (visited)
    Dis: Hell:1         Geh: Hell:1         Coc: Hell:1         Tar: Hell:1

Altars:
Ashenzari
Cheibriados
Dithmenos
Elyvilon
Fedhas
Gozag
Hepliaklqana
Kikubaaqudgha
Makhleb
Nemelex Xobeh
Okawaru
Qazlal
Ru
Sif Muna
Trog
Uskayaw
Vehumet
Wu Jian
Xom
Yredelemnul
Zin
The Shining One
Jiyva

Shops:
D:4 (}   D:5 *   D:7 *   D:10 }   D:14 *   Orc:1 }   Orc:2 ?}*(*   Elf:2 [
Elf:3 }==   Shoals:3 *   Shoals:4 [   Snake:3 *   Vaults:1 (   Vaults:2 [
Depths:5 (

Portals:
Hell: Depths:1 Depths:2 Depths:3 Depths:4 Depths:5
Abyss: Shoals:2 Depths:3 Depths:4
Pandemonium: Orc:2 Depths:1 Depths:3

Annotations:
Shoals:2 2 transporters, Axati's ghost, adept DrMo
Snake:3 Roxanne
Elf:2 3 runed translucent doors, exclusion: 3 doors
Vaults:1 3 runed translucent doors, Lofupn's ghost, adept SpEn
Hell Geryon


Innate Abilities, Weirdness & Mutations

You are resistant to damage.
You can heal yourself by infusing magical energy.
You resist negative energy. (rN+)
You passively map a large area around you.
You do not regenerate.
You are partially covered in large bone plates. (SH +4)
You are agile. (Dex +2)
You can translocate small distances at will.
Your mind is acute. (Int +2)
You are somewhat resistant to further mutation.
You are weak. (Str -2)
Your spells are a little easier to cast, but a little less powerful.


Message History

You partially resist.
You feel drained.
The Ice Fiend claws you but does no damage.
You hit the Ice Fiend. You burn the Ice Fiend.
The Ice Fiend is filled with an inner flame.
The Ice Fiend is severely wounded.
The Ice Fiend gestures at you. The bolt of cold hits you! You resist.
* * * LOW HITPOINT WARNING * * *
You barely miss the Ice Fiend.
The Ice Fiend is severely wounded.
The Ice Fiend claws you but does no damage. x2
The soul eater barely misses you.
You hit the Ice Fiend but do no damage.
The Ice Fiend is severely wounded.
The Ice Fiend gestures at you. The bolt of cold hits you!! You resist.
* * * LOW HITPOINT WARNING * * *
The Ice Fiend gestures at you. The bolt of cold hits you!! You resist.
You die...

...&.2...........,, ,,*
..§°○...................,*
........................
........................
.......................▓
.........§............▓
.........§..§.4§§..▓
...........§§31§§▓*
*▓▓.......§..61@▓
▓▓▓▓▓▓▓.▓▓▓▓▓▓▓ ▓▓


You could see 2 Ice Fiends, a monstrous black sun (black mark), a soul eater
(black mark) and an ice devil (black mark).

Vanquished Creatures
  the Royal Jelly (Slime:5)
  3 orbs of fire
  Mennas (Crypt:3)
  11 ancient liches
  Sojobo (Depths:4)
  Boris (Vaults:3)
  Margery (Depths:3)
  5 pandemonium lords
  Vashnia (Snake:2)
  Saint Roka (Crypt:2)
  16 Killer Klowns
  Xtahua (Crypt:1)
  Nikola (Depths:3)
  5 caustic shrikes
  The ghost of Azeywoun the Brawler, a veteran TrMo of Hepliaklqana (Depths:2)
  A curse toe (Zot:3)
  6 bone dragons
  the Enchantress (Depths:5)
  14 golden dragons
  2 Tzitzimimeh
  A Brimstone Fiend (Zig:15)
  2 electric golems (Zot:5)
  4 liches
  Jorgrun (Snake:2)
  Agnes (Elf:1)
  25 tentacled monstrosities
  Asterion (Vaults:1)
  24 Orb Guardians
  2 deep elf blademasters
  23 acid blobs
  A titan (Vaults:5)
  A quicksilver dragon (shapeshifter) (Zig:13)
  5 quicksilver dragons
  6 sphinxes
  2 deep elf master archers (Elf:3)
  4 death cobs
  2 Executioners
  2 krakens
  5 tentacled starspawn
  Gastronok (D:9)
  3 ancient champions
  15 shadow dragons
  Kirke (D:12)
  6 tengu reavers
  Donald (Elf:1)
  5 revenants
  13 storm dragons
  11 draconian monks
  15 vault wardens
  8 nagarajas
  11 azure jellies
  3 draconian knights
  5 balrugs
  A daeva (Abyss:3)
  14 frost giants
  6 draconian scorchers
  An iron dragon (Depths:3)
  10 draconian shifters
  5 fire giants
  2 ghost moths
  3 deep elf elementalists
  3 corrupters
  6 curse skulls
  A deep elf sorcerer (Elf:3)
  15 ironheart preservers
  3 orc warlords
  8 war gargoyles
  7 ghouls
  3 reapers
  8 spriggan defenders
  4 draconian stormcallers
  Nessos (D:12)
  2 draconian annihilators
  14 vampire knights
  11 stone giants
  3 entropy weavers
  10 black draconians
  7 deep elf demonologists
  A caustic shrike skeleton (Zig:11)
  4 green draconians
  29 very ugly things
  Azrael (Snake:2)
  2 lorocyprocas
  3 deep elf annihilators
  9 purple draconians
  10 white draconians
  9 yellow draconians
  A dire elephant (Lair:6)
  A spark wasp (shapeshifter) (Vaults:5)
  9 red draconians
  3 spark wasps
  3 green deaths
  A minotaur (shapeshifter) (Elf:2)
  11 deep elf death magi
  3 crystal guardians (Crypt:3)
  2 blizzard demons
  11 ettins
  7 merfolk javelineers
  2 mummy priests
  6 eidola
  16 death oozes
  5 jiangshi
  16 great orbs of eyes
  3 deep elf high priests
  16 fire dragons
  7 merfolk impalers
  32 vault guards
  10 naga warriors
  10 ogre magi
  The ghost of Armakuni the Fighter, a journeyman HuWn of Gozag (D:11)
  7 rakshasas
  22 yaktaur captains
  5 hydras
  13 ice dragons
  5 spriggan air magi
  A caustic shrike simulacrum (Zig:14)
  Erolcha (D:9)
  A shambling mangrove (Zig:7)
  10 centaur warriors
  An alligator snapping turtle (Shoals:1)
  4 death knights
  3 merfolk aquamancers
  7 merfolk avatars
  3 catoblepae
  37 dancing weapons
  A queen ant (Lair:6)
  2 satyrs (Shoals:3)
  2 alligators (Zig:7)
  4 tengu warriors
  8 anacondas
  10 deep troll earth magi
  14 death yaks
  4 salamander mystics
  8 deep troll shamans
  7 vampire magi
  23 naga sharpshooters
  30 two-headed ogres
  8 orc high priests (Orc:2)
  7 hell hogs
  2 titan zombies (Crypt:3)
  3 thrashing horrors
  Urug (Orc:1)
  21 deep elf knights
  5 spriggan berserkers
  An iron golem (Depths:1)
  8 shock serpents
  6 sun demons
  6 soul eaters
  2 fire crabs (shapeshifter)
  7 shadow wraiths
  8 glowing orange brains
  A spark wasp zombie (Zig:14)
  A golden dragon zombie (Depths:2)
  8 wretched stars
  2 iron trolls (Depths:3)
  26 skeletal warriors
  2 death drakes
  18 hell knights
  2 shadow demons
  A torturous demonspawn (Orc:2)
  26 deep trolls
  An infernal demonspawn (Zig:4)
  10 sea snakes
  A death drake (shapeshifter) (Vaults:4)
  A gelid demonspawn (Depths:3)
  3 unseen horrors
  An unseen horror (shapeshifter) (Vaults:5)
  A spatial maelstrom (Abyss:3)
  9 naga ritualists
  9 phantasmal warriors
  10 deep elf archers
  7 wizards
  2 golden dragon skeletons (Zig:11)
  An anaconda zombie (Crypt:2)
  3 obsidian statues
  A wolf spider zombie (Hell)
  A swamp dragon (Zig:7)
  20 ironbrand convokers
  5 orange crystal statues
  20 orc knights
  52 deep elf magi
  A tengu zombie (Zig:11)
  An anaconda skeleton (Hell)
  4 flayed ghosts
  An iron dragon zombie (Crypt:3)
  15 harpies
  10 necromancers
  A stone giant zombie (Crypt:3)
  13 orc sorcerers
  A shining eye (shapeshifter) (Vaults:5)
  2 wolf spiders
  3 oklob plants (Zot:3)
  An orb spider (Abyss:3)
  A sphinx zombie (Zig:11)
  10 salamanders
  69 ugly things
  10 fauns
  A salamander (shapeshifter) (Depths:3)
  18 mana vipers
  A faun (shapeshifter) (Vaults:5)
  5 shining eyes
  An elephant (shapeshifter) (Vaults:5)
  A spriggan zombie (Depths:2)
  16 manticores
  11 cyclopes
  3 guardian serpents
  A moth of wrath (shapeshifter) (Vaults:5)
  20 moths of wrath
  A fire giant skeleton (Crypt:3)
  2 worldbinders (Abyss:2)
  2 frost giant skeletons
  7 rust devils
  7 elephants
  A dire elephant zombie (Crypt:3)
  An iron dragon skeleton (Zig:8)
  6 water nymphs
  Maurice (D:11)
  A stone giant skeleton (Vaults:1)
  18 vault sentinels
  A molten gargoyle (Depths:2)
  15 merfolk sirens
  2 centaur skeletons
  5 smoke demons
  A spriggan skeleton (Zig:11)
  3 ice statues
  43 black mambas
  2 orange demons
  A storm dragon simulacrum (Zig:14)
  Psyche (D:11)
  2 apocalypse crabs
  A gargoyle (D:13)
  32 naga magi
  16 cane toads
  3 tormentors
  A catoblepas zombie (Crypt:2)
  7 freezing wraiths
  2 rime drakes
  3 eyes of devastation
  6 komodo dragons
  2 efreet (Abyss:3)
  5 hellions
  4 ice devils
  2 hellwings (Orc:2)
  2 demonic crawlers
  3 guardian mummies
  2 komodo dragons (shapeshifter)
  A silent spectre (Zig:8)
  6 ancient zymes
  A red draconian skeleton (Crypt:2)
  2 tengu conjurers
  55 yaktaurs
  6 trolls
  5 wind drakes
  A meliai (shapeshifter) (D:14)
  4 red devils
  32 merfolk
  A queen bee (Abyss:3)
  5 meliai (Abyss:3)
  19 polar bears
  A tyrant leech (Zig:7)
  2 hydra zombies
  A jumping spider (Vaults:3)
  A wind drake (shapeshifter) (Vaults:2)
  14 hornets
  A hornet (shapeshifter) (Vaults:3)
  4 bog bodies
  A raiju (shapeshifter) (D:13)
  2 hydra skeletons
  10 blink frogs
  13 hippogriffs
  A slime creature (shapeshifter) (Vaults:5)
  9 raiju
  3 human simulacra
  2 ice dragon zombies
  93 slime creatures
  12 snapping turtles
  An ettin zombie (Crypt:3)
  7 dream sheep
  2 redbacks (Vaults:3)
  31 flying skulls
  2 fire dragon skeletons
  19 starcursed masses
  6 shadows
  4 air elementals
  11 spriggans
  A spriggan (shapeshifter) (Depths:2)
  A tarantella (shapeshifter) (D:11)
  6 fire bats
  6 ynoxinuls
  A yak (shapeshifter) (Elf:2)
  5 wyverns
  34 water elementals
  11 wraiths
  2 vampires
  12 large abominations
  11 fire elementals
  6 hogs (D:12)
  4 neqoxecs
  2 golden eyes (Slime:3)
  82 yaks
  11 vampire mosquitoes
  A spriggan simulacrum (Depths:2)
  21 soldier ants
  5 chaos spawn
  5 spatial vortices (Abyss:3)
  12 wargs
  44 nagas
  An insubstantial wisp (Zig:14)
  A merfolk zombie (Crypt:1)
  5 acid dragons
  5 hell hounds
  8 porcupines
  11 water moccasins
  2 floating eyes
  A hornet zombie (Crypt:1)
  A gelid demonspawn skeleton (Crypt:2)
  A black bear (shapeshifter) (Depths:3)
  4 black bears
  A sky beast (shapeshifter) (D:11)
  5 ice beasts
  51 orc warriors
  5 elf zombies
  7 eyes of draining
  8 necrophages
  A swamp drake (Zig:7)
  3 sky beasts
  An ogre (shapeshifter) (Vaults:2)
  26 ogres
  A wolf (shapeshifter) (Vaults:5)
  20 centaurs
  A centaur (shapeshifter) (D:11)
  21 wolves
  8 crocodiles
  A manticore skeleton (Crypt:3)
  An elf simulacrum (Vaults:1)
  2 big kobolds (D:13)
  18 bullfrogs
  12 small abominations
  An ogre simulacrum (Vaults:1)
  An earth elemental (Elf:2)
  7 scorpions
  6 killer bees (D:12)
  8 wights
  4 electric eels
  A howler monkey (D:8)
  9 crimson imps
  3 centaur zombies
  A wolf skeleton (Crypt:1)
  4 quasits
  29 orc priests
  Crazy Yiuf (D:7)
  13 hounds
  11 jellies
  A demonspawn skeleton (Crypt:1)
  A gnoll shaman (D:6)
  23 orc wizards
  3 bullfrog skeletons
  An iron imp (Abyss:2)
  5 iguanas
  20 worker ants
  4 lightning spires (Zot:3)
  A tengu skeleton (Crypt:3)
  8 mummies
  3 hound skeletons
  Robin (D:3)
  A howler monkey skeleton (D:10)
  2 worker ant zombies
  6 adders
  9 gnolls
  A swamp drake skeleton (Crypt:1)
  5 shadow imps
  21 white imps
  2 ufetubi
  11 oozes
  2 adder zombies
  A lava snake zombie (Crypt:1)
  An adder skeleton (D:8)
  3 worms
  5 dart slugs
  7 leopard geckos
  109 orcs
  9 bats
  6 giant cockroaches
  15 goblins
  10 hobgoblins
  11 jackals
  15 kobolds
  5 quokkas
  A ball python (D:1)
  A frilled lizard skeleton (Crypt:2)
  A jackal skeleton (Crypt:1)
  A jackal zombie (D:6)
  A kobold skeleton (Crypt:2)
  An orc skeleton (Crypt:3)
  A quokka zombie (D:8)
  9 rats
  6 bushes
  2 crawling corpses (Elf:3)
  2 demonic plants (Abyss:3)
  7 fire vortices (Zig:15)
  2 fungi (Lair:6)
  5 plants
  9 starspawn tentacles
  9 tentacles
3066 creatures vanquished.

Vanquished Creatures (collateral kills)
  An orb of fire (Zot:5)
  Mara (Snake:3)
  A juggernaut (Depths:5)
  An electric golem (Zot:1)
  A deep elf blademaster (Elf:3)
  An Orb Guardian (Zot:5)
  A draconian monk (Zot:2)
  3 acid blobs
  An azure jelly (Slime:4)
  A nagaraja (Snake:3)
  An iron dragon (Depths:1)
  2 deep elf elementalists (Elf:3)
  A draconian annihilator (Zot:2)
  A black draconian (Depths:5)
  2 deep elf annihilators (Elf:3)
  2 death oozes
  A green death (Zig:14)
  A deep elf death mage (Zig:10)
  A deep elf high priest (Elf:3)
  A dancing weapon (Elf:3)
  A shock serpent (Snake:3)
  2 deep elf knights (Elf:1)
  A phantasmal warrior (Zig:10)
  2 deep elf magi (Elf:1)
  2 slime creatures (Slime:4)
  A raiju (Zig:14)
  A naga (Snake:3)
  A porcupine (D:10)
  An orc warrior (D:10)
  A bullfrog skeleton (D:10)
  An ooze (Lair:6)
  An orc (D:10)
40 creatures vanquished.

Vanquished Creatures (others)
  A pandemonium lord (Zig:15)
  An Executioner (Zig:15)
  A vault warden (Vaults:4)
  A draconian knight (Zot:4)
  A ghost moth (Zot:4)
  A blood saint (Zig:15)
  A stone giant (Vaults:4)
  A merfolk javelineer (Shoals:4)
  A merfolk impaler (Shoals:4)
  A green death (Zig:15)
  A vault guard (Vaults:2)
  A merfolk avatar (Shoals:3)
  A deep troll earth mage (Depths:3)
  A spriggan berserker (Depths:2)
  A vampire mage (Crypt:1)
  A deep troll (Depths:3)
  A deep elf mage (Elf:2)
  A cyclops (D:11)
  A faun (Shoals:3)
  A naga mage (Snake:4)
  A tormentor (Zig:15)
  A yaktaur (Vaults:2)
  A merfolk (Shoals:3)
  A hornet (Vaults:5)
  A wraith (D:15)
  A hell hound (Hell)
  An orc warrior (Vaults:5)
  2 centaurs (D:11)
  2 crimson imps
  An orc priest (D:11)
  7 orcs
  A demonic plant (Abyss:3)
  A fire vortex (Zig:15)
  38 fungi
  122 plants
  4 starspawn tentacles (Zig:14)
  25 tentacles
230 creatures vanquished.

Grand Total: 3336 creatures vanquished

Notes
Turn   | Place    | Note
-------+----------+-------------------------------------------
     0 | D:1      | ANON1729 the Deep Dwarf Fighter began the quest for the
                  | Orb.
     0 | D:1      | Reached XP level 1. HP: 20/20 MP: 1/1
    97 | D:1      | Reached XP level 2. HP: 25/27 MP: 2/2
   466 | D:1      | Reached XP level 3. HP: 20/34 MP: 3/3
  1685 | D:3      | Noticed Robin
  1686 | D:3      | Reached XP level 4. HP: 40/42 MP: 0/2
  1714 | D:3      | Killed Robin
  2193 | D:4      | Reached XP level 5. HP: 22/49 MP: 0/3
  2329 | D:4      | Got a twisted leather armour
  2346 | D:4      | Identified the +1 leather armour of the Shining Light {rC+}
                  | (You found it on level 4 of the Dungeon)
  2377 | D:4      | Found a staircase to the Ecumenical Temple.
  2448 | Temple   | Entered the Ecumenical Temple
  2569 | Temple   | Became a worshipper of Makhleb the Destroyer
  2645 | D:4      | Found Voveaneg's Weapon Boutique.
  2888 | D:4      | Found Tetif's Gadget Boutique.
  2957 | D:4      | Found a radiant altar of Vehumet.
  2959 | D:4      | Found an ornate altar of the Wu Jian Council.
  2961 | D:4      | Found a glowing golden altar of the Shining One.
  2964 | D:4      | Found a stormy altar of Qazlal.
  3116 | D:5      | Entered Level 5 of the Dungeon
  3284 | D:3      | Reached XP level 6. HP: 43/57 MP: 0/2
  3930 | D:5      | Reached skill level 5 in Axes
  3936 | D:5      | Reached skill level 1 in Invocations
  3936 | D:5      | Reached skill level 1 in Evocations
  4199 | D:5      | Found Venifinucs's Assorted Antiques.
  4237 | D:5      | Bought an emerald potion for 23 gold pieces
  4237 | D:5      | Bought a sapphire potion for 23 gold pieces
  4237 | D:5      | Bought a scroll labeled KICHIDWA KAEGI for 26 gold pieces
  4237 | D:5      | Bought a white potion for 23 gold pieces
  4526 | D:6      | Reached * piety under Makhleb
  4526 | D:6      | Reached XP level 7. HP: 41/64 MP: 0/4
  4600 | D:6      | Reached skill level 2 in Evocations
  4607 | D:6      | Reached skill level 5 in Armour
  4690 | D:6      | Reached skill level 3 in Evocations
  4780 | D:6      | Found a blossoming altar of Fedhas.
  4780 | D:6      | Found a hazy altar of Hepliaklqana.
  4983 | D:6      | Reached XP level 8. HP: 40/73 MP: 4/6
  5288 | D:7      | Found Othatip's General Store.
  5296 | D:7      | Bought a potion of curing for 36 gold pieces
  5296 | D:7      | Bought a scroll of magic mapping for 42 gold pieces
  5328 | D:7      | Found a glowing silver altar of Zin.
  5440 | D:7      | Reached ** piety under Makhleb
  5467 | D:7      | Reached skill level 4 in Evocations
  5606 | D:7      | Reached skill level 5 in Fighting
  5818 | D:7      | Found a runed translucent door.
  5819 | D:7      | Noticed Crazy Yiuf
  5834 | D:7      | Killed Crazy Yiuf
  6062 | D:8      | Noticed a hippogriff
  6072 | D:8      | Killed a hippogriff
  6072 | D:8      | Reached skill level 5 in Invocations
  6224 | D:8      | Reached skill level 5 in Evocations
  6224 | D:8      | Gained mutation: You passively map the area around you.
                  | [Deep Dwarf growth]
  6224 | D:8      | Reached XP level 9. HP: 64/80 MP: 4/7
  6756 | D:9      | Noticed a troll
  6772 | D:9      | Killed a troll
  6772 | D:9      | Reached skill level 6 in Evocations
  6853 | D:9      | Noticed Gastronok
  6863 | D:9      | Killed Gastronok
  6863 | D:9      | Reached skill level 7 in Evocations
  6863 | D:9      | Reached XP level 10. HP: 90/90 MP: 7/10
  6917 | D:9      | Noticed Erolcha
  6925 | D:9      | Killed Erolcha
  6925 | D:9      | Reached *** piety under Makhleb
  6925 | D:9      | Reached skill level 10 in Axes
  6925 | D:9      | Reached skill level 8 in Evocations
  7455 | D:10     | Entered Level 10 of the Dungeon
  7478 | D:10     | Noticed a two-headed ogre
  7483 | D:10     | Killed a two-headed ogre
  7655 | D:10     | Reached skill level 9 in Evocations
  7834 | D:10     | Gained mutation: Scrolls take you a little longer to read.
                  | [mutagenic glow]
  7933 | D:10     | Reached XP level 11. HP: 49/99 MP: 12/12
  8052 | D:10     | Reached **** piety under Makhleb
  8105 | D:10     | Found a staircase to the Orcish Mines.
  8145 | D:10     | HP: 3/99 [orc warrior/+0 glaive (2)]
  8148 | D:10     | Reached skill level 5 in Shields
  8155 | D:10     | Found Kyllia Cuxe's Gadget Shoppe.
  8430 | D:10     | Found a staircase to the Lair.
  8495 | D:10     | Noticed a fire giant
  8520 | D:11     | HP: 2/100 [cyclops (21)]
  8540 | D:11     | Reached skill level 10 in Evocations
  8631 | D:10     | Killed a fire giant
  8900 | D:11     | Noticed Maurice
  8914 | D:11     | Killed Maurice
  8931 | D:11     | Reached skill level 1 in Maces & Flails
  9250 | D:11     | Found a runed translucent gate.
  9250 | D:11     | Found a runed translucent gate.
  9250 | D:11     | Found a runed translucent gate.
  9250 | D:11     | Noticed a cyan ugly thing
  9250 | D:11     | Noticed a purple ugly thing
  9251 | D:11     | Noticed a green ugly thing
  9251 | D:11     | Noticed a brown very ugly thing
  9251 | D:11     | Noticed a brown ugly thing
  9252 | D:11     | Noticed a cyan ugly thing
  9254 | D:11     | Noticed a white ugly thing
  9474 | D:11     | Noticed Psyche
  9478 | D:11     | Killed Psyche
  9502 | D:11     | Noticed a white ugly thing
  9570 | D:11     | Noticed a glowing orange brain
  9586 | D:11     | Lost mutation: Scrolls take you a little longer to read.
                  | [potion of mutation]
  9586 | D:11     | Gained mutation: You are covered in fur. (AC +1) [potion of
                  | mutation]
  9586 | D:11     | Gained mutation: You are partially covered in slimy green
                  | scales. (AC +2) [potion of mutation]
  9586 | D:11     | Gained mutation: Your mind is acute. (Int +2) [potion of
                  | mutation]
  9651 | D:12     | Reached skill level 11 in Evocations
  9690 | D:12     | Noticed a brown ugly thing
  9692 | D:12     | Noticed Nessos
  9701 | D:12     | Killed a brown ugly thing
  9708 | D:12     | Killed Nessos
  9819 | D:12     | Reached ***** piety under Makhleb
  9831 | D:12     | Noticed a purple ugly thing
  9838 | D:12     | Killed a purple ugly thing
  9840 | D:12     | Killed a white ugly thing
  9840 | D:12     | Reached XP level 12. HP: 46/110 MP: 10/12
 10094 | D:12     | Reached skill level 12 in Evocations
 10187 | D:12     | Reached skill level 5 in Maces & Flails
 10192 | D:12     | Noticed Kirke
 10199 | D:12     | Killed Kirke
 10199 | D:12     | Reached skill level 10 in Invocations
 10452 | D:13     | Noticed a six-headed hydra
 10467 | D:13     | Killed a six-headed hydra
 10503 | D:13     | Noticed a two-headed ogre
 10509 | D:13     | Killed a two-headed ogre
 10533 | D:13     | Noticed a vault guard
 10549 | D:13     | Killed a vault guard
 10549 | D:13     | Reached skill level 13 in Evocations
 10554 | D:13     | Noticed a vault guard
 10571 | D:13     | Killed a vault guard
 10624 | D:13     | Found a frozen archway.
 10626 | D:13     | Reached skill level 10 in Armour
 10657 | IceCv    | Entered an ice cave
 10802 | IceCv    | Reached XP level 13. HP: 105/118 MP: 11/13
 10936 | IceCv    | HP: 3/118 [ice statue/exploding inner flame[the player
                  | character] (6)]
 11169 | IceCv    | Noticed a frost giant
 11201 | IceCv    | Killed a frost giant
 11201 | IceCv    | Reached ****** piety under Makhleb
 11612 | D:13     | Reached skill level 14 in Evocations
 11626 | D:13     | Found a gate to the Vaults.
 12547 | D:14     | Reached skill level 15 in Evocations
 12646 | D:14     | Gained mutation: You resist negative energy. (rN+) [Deep
                  | Dwarf growth]
 12646 | D:14     | Reached XP level 14. HP: 124/129 MP: 13/13
 12928 | D:14     | Found Comeegh's Assorted Antiques.
 12933 | D:14     | Bought a scroll labeled ROUCVU ZEUST for 33 gold pieces
 12933 | D:14     | Bought a wand of acid (5) for 264 gold pieces
 13047 | D:15     | Entered Level 15 of the Dungeon
 13291 | D:15     | HP: 5/129 [ice dragon/blast of cold (25)]
 13306 | D:15     | Found a staircase to the Depths.
 13397 | D:15     | Found a snail-covered altar of Cheibriados.
 13613 | D:15     | Reached skill level 10 in Maces & Flails
 14137 | Lair:1   | Entered Level 1 of the Lair of Beasts
 15040 | Lair:2   | Reached skill level 16 in Evocations
 15707 | Lair:3   | Reached skill level 10 in Fighting
 15708 | Lair:3   | Found a white marble altar of Elyvilon.
 15860 | Lair:3   | Found a staircase to the Shoals.
 16268 | Lair:4   | Found a staircase to the Snake Pit.
 16653 | Lair:4   | Identified the Almanac of Hurtful Stolen Souls
 16888 | Lair:5   | Reached XP level 15. HP: 138/138 MP: 15/15
 17422 | Lair:6   | Entered Level 6 of the Lair of Beasts
 17541 | Lair:6   | Found a runed translucent door.
 17541 | Lair:6   | Found a viscous altar of Jiyva.
 17541 | Lair:6   | Found a staircase to the Slime Pits.
 17541 | Lair:6   | Noticed an acid blob
 17541 | Lair:6   | Noticed an acid blob
 17541 | Lair:6   | Noticed an acid blob
 17641 | Lair:6   | Reached skill level 17 in Evocations
 17647 | Lair:6   | Noticed an azure jelly
 17743 | Lair:6   | Noticed an azure jelly
 17754 | Lair:6   | Killed an azure jelly
 17787 | Lair:6   | Noticed an azure jelly
 17795 | Lair:6   | Killed an azure jelly
 17806 | Lair:6   | Found a viscous altar of Jiyva.
 17832 | Lair:6   | Killed an azure jelly
 18737 | Orc:1    | Entered Level 1 of the Orcish Mines
 18829 | Orc:1    | Noticed Urug
 18842 | Orc:1    | Killed Urug
 18855 | Orc:1    | Found Oseff's Gadget Emporium.
 18864 | Orc:1    | Reached XP level 16. HP: 148/148 MP: 16/16
 18870 | Orc:1    | Reached skill level 18 in Evocations
 18997 | Orc:2    | Entered Level 2 of the Orcish Mines
 19054 | Orc:2    | Found Eteucw's General Store.
 19058 | Orc:2    | Found Ukuotamm's General Store.
 19141 | Orc:2    | Bought a scroll of teleportation for 39 gold pieces
 19392 | Orc:2    | Found Yca Awof's Gadget Emporium.
 19392 | Orc:2    | Found Gaczu's Antique Weapon Shoppe.
 19392 | Orc:2    | Found a one-way gate leading to the halls of Pandemonium.
 19461 | Orc:2    | Found a staircase to the Elven Halls.
 19522 | Orc:2    | Found Didofer's Magic Scroll Shoppe.
 20409 | Elf:1    | Entered Level 1 of the Elven Halls
 20589 | Elf:1    | Noticed Agnes
 20608 | Elf:1    | Noticed Donald
 20621 | Elf:1    | Your ally died
 20621 | Elf:1    | Killed Donald
 22095 | Elf:1    | Reached skill level 19 in Evocations
 22670 | Snake:1  | Entered Level 1 of the Snake Pit
 23060 | Snake:1  | Reached XP level 17. HP: 98/157 MP: 17/17
 23506 | Snake:1  | Learned a level 2 spell: Wereblood
 23518 | Snake:2  | Reached skill level 15 in Invocations
 23541 | Snake:2  | Found the ring of Robustness {AC+8}
 23544 | Snake:2  | Noticed Vashnia
 23822 | Snake:2  | Reached skill level 1 in Transmutations
 24253 | Snake:2  | Noticed Jorgrun
 24261 | Snake:2  | Killed Jorgrun
 24261 | Snake:2  | Reached skill level 1 in Stealth
 24672 | Snake:2  | Killed Vashnia
 24975 | Snake:3  | Noticed Azrael
 24991 | Snake:2  | Killed Azrael
 25341 | Snake:3  | Noticed Mara
 25556 | Snake:3  | Noticed ANON1729's illusion
 26151 | Snake:3  | Noticed Roxanne
 26963 | Snake:3  | Found Targh's Mayhem Merchandise.
 27095 | Snake:3  | Noticed ANON1729's illusion
 27257 | Shoals:1 | Entered Level 1 of the Shoals
 27409 | Shoals:1 | Gained mutation: You passively map a large area around you.
                  | [Deep Dwarf growth]
 27409 | Shoals:1 | Reached XP level 18. HP: 136/168 MP: 15/18
 27712 | Shoals:1 | Reached skill level 5 in Transmutations
 27768 | Shoals:1 | Gained mutation: You are frail. (-10% HP) [mutagenic glow]
 28334 | Shoals:2 | Lost mutation: Your mind is acute. (Int +2) [mutagenic
                  | glow]
 28335 | Shoals:2 | Lost mutation: You are frail. (-10% HP) [potion of
                  | mutation]
 28335 | Shoals:2 | Lost mutation: You are partially covered in slimy green
                  | scales. (AC +2) [potion of mutation]
 28335 | Shoals:2 | Lost mutation: You are covered in fur. (AC +1) [potion of
                  | mutation]
 28335 | Shoals:2 | Gained mutation: Your system is resistant to poisons.
                  | (rPois) [potion of mutation]
 28335 | Shoals:2 | Gained mutation: You are weak. (Str -2) [potion of
                  | mutation]
 28335 | Shoals:2 | Gained mutation: You are partially covered in iridescent
                  | scales. (AC +2) [potion of mutation]
 28418 | Shoals:2 | Found a transporter.
 28530 | Shoals:2 | Reached skill level 15 in Maces & Flails
 28540 | Shoals:2 | Found a transporter.
 28540 | Shoals:2 | Identified the cursed +0 trident of Fortitude {distort,
                  | MR++}
 28549 | Shoals:2 | Found a one-way gate to the infinite horrors of the Abyss.
 28549 | Shoals:2 | Noticed Axati's ghost (adept DrMo)
 28903 | Shoals:3 | Reached skill level 20 in Evocations
 29326 | Shoals:3 | Found Yxtap's General Store.
 29736 | Shoals:4 | Entered Level 4 of the Shoals
 30425 | Shoals:4 | Found Likich Pivo's Armour Shoppe.
 30447 | Shoals:4 | Bought the +10 chain mail of the Valley {-Cast rC++ Str+10
                  | Stlth-} for 1282 gold pieces
 30608 | Shoals:4 | Got a barnacled rune of Zot
 30917 | Snake:3  | Noticed ANON1729's illusion
 30923 | Snake:3  | Killed Mara
 31211 | Snake:3  | Reached XP level 19. HP: 100/177 MP: 0/18
 31335 | Snake:4  | Entered Level 4 of the Snake Pit
 31591 | Snake:4  | Reached skill level 15 in Armour
 32712 | Snake:4  | Got a serpentine rune of Zot
 32959 | Vaults:1 | Entered Level 1 of the Vaults
 33473 | Vaults:1 | Noticed Asterion
 33485 | Vaults:1 | Killed Asterion
 33708 | Vaults:1 | Found Fejipub's Weapon Shoppe.
 33781 | Vaults:1 | You fall into a shaft and drop 1 floor!
 33826 | Vaults:2 | Reached XP level 20. HP: 187/187 MP: 19/19
 33873 | Vaults:2 | Reached skill level 21 in Evocations
 34366 | Vaults:1 | Found a runed translucent gate.
 34366 | Vaults:1 | Found a runed translucent gate.
 34366 | Vaults:1 | Found a runed translucent gate.
 34366 | Vaults:1 | Noticed Lofupn's ghost (adept SpEn)
 34905 | Vaults:2 | Found a staircase to the Crypt.
 35137 | Vaults:2 | Found Zaisse Gokk's Antique Armour Shop.
 35354 | Vaults:3 | Noticed Boris
 35373 | Vaults:3 | Killed Boris
 35999 | Vaults:3 | You fall into a shaft and drop 1 floor!
 36402 | Vaults:4 | Reached XP level 21. HP: 196/196 MP: 21/21
 36882 | Vaults:4 | Reached skill level 10 in Transmutations
 37643 | Vaults:3 | Paralysed by a hornet for 2 turns
 38464 | Elf:2    | Found Hemown's Armour Emporium.
 38579 | Elf:2    | Found a runed translucent gate.
 38579 | Elf:2    | Found a runed translucent gate.
 38579 | Elf:2    | Found a runed translucent gate.
 38827 | Elf:2    | Reached skill level 22 in Evocations
 39368 | Elf:2    | Reached XP level 22. HP: 86/207 MP: 20/20
 39511 | Elf:3    | Entered Level 3 of the Elven Halls
 39929 | Vaults:2 | Learned a level 2 spell: Passwall
 40640 | Elf:3    | Found Ruavuk's Jewellery Emporium.
 40641 | Elf:3    | Found Vihesa's Gadget Shop.
 40642 | Elf:3    | Found Caijier's Jewellery Emporium.
 40940 | Depths:1 | Entered Level 1 of the Depths
 40970 | Depths:1 | Reached skill level 1 in Earth Magic
 41175 | Depths:1 | Reached XP level 23. HP: 214/214 MP: 21/21
 41267 | Depths:1 | Found a gateway to Hell.
 41743 | Depths:2 | Gained mutation: Your flesh is cold resistant. (rC+)
                  | [mutagenic glow]
 42077 | Depths:2 | Identified Sif Muna's Catalogue of Creative Attacks
 42172 | Depths:2 | Identified the ring of Discretion {+Fly rElec rPois Str+4
                  | Int-5}
 42193 | Depths:2 | Reached skill level 5 in Earth Magic
 42305 | Depths:2 | Noticed Azeywoun's ghost (veteran TrMo)
 42306 | Depths:2 | Noticed a caustic shrike
 42319 | Depths:2 | Found a transporter.
 42348 | Depths:2 | Found a transporter.
 43384 | Elf:3    | Identified the cursed +1 ring mail of the Lich-sworn
                  | {Dex+5}
 43602 | Elf:3    | Identified the cursed +1 leather armour of Ken Qyh {-Cast
                  | Rampage rF+}
 43602 | Elf:3    | Identified the ring "Pyteen" {*Drain rC+ Int+4 Slay+2
                  | Stlth+}
 44127 | Elf:3    | Cast into level 2 of the Abyss (deep elf death mage)
 44189 | Abyss:2  | Found a corrupted altar of Lugonu.
 44200 | Elf:3    | Escaped the Abyss
 44247 | Elf:3    | Identified the +3 mace "Xolasacw" {vorpal, rElec rPois rC+}
 44297 | Elf:3    | Identified Dieff's Disquisition on Moulding and Air
 44321 | Elf:3    | Identified the +4 arbalest of the Lesser Evil {flame,
                  | Int+2} (You found it on level 3 of the Elven Halls)
 44439 | Elf:2    | Bought the +11 crystal plate armour of Xehof {Str+6} for
                  | 2022 gold pieces
 45038 | Depths:3 | Noticed Margery
 45052 | Depths:3 | Killed Margery
 45058 | Depths:3 | Reached skill level 15 in Fighting
 45122 | Depths:3 | Found a gateway to a ziggurat.
 45316 | Depths:3 | Noticed Nikola
 45342 | Depths:3 | Killed Nikola
 45342 | Depths:3 | Reached XP level 24. HP: 225/225 MP: 19/19
 46172 | Depths:4 | Identified the ring of Linearity {rPois rC+ rN+ MR+++ Str-5
                  | Dex-4} (You found it on level 4 of the Depths)
 46218 | Depths:4 | Reached skill level 23 in Evocations
 46348 | Depths:4 | Noticed Sojobo
 46388 | Depths:4 | Killed Sojobo
 46533 | Depths:4 | Cast into level 2 of the Abyss (spriggan defender)
 46735 | Abyss:2  | Gained mutation: Scrolls take you a little longer to read.
                  | [a neqoxec]
 46738 | Abyss:2  | Gained mutation: Armour fits poorly on your strangely
                  | shaped body. [a neqoxec]
 46743 | Abyss:2  | Gained mutation: You are dopey. (Int -2) [a neqoxec]
 46778 | Abyss:2  | Lost mutation: You are partially covered in iridescent
                  | scales. (AC +2) [potion of mutation]
 46778 | Abyss:2  | Lost mutation: You are weak. (Str -2) [potion of mutation]
 46778 | Abyss:2  | Lost mutation: Scrolls take you a little longer to read.
                  | [potion of mutation]
 46778 | Abyss:2  | Gained mutation: You evolve. [potion of mutation]
 46779 | Abyss:2  | Lost mutation: You are dopey. (Int -2) [potion of mutation]
 46779 | Abyss:2  | Lost mutation: Armour fits poorly on your strangely shaped
                  | body. [potion of mutation]
 46779 | Abyss:2  | Lost mutation: Your flesh is cold resistant. (rC+) [potion
                  | of mutation]
 46779 | Abyss:2  | Gained mutation: Scrolls take you a little longer to read.
                  | [potion of mutation]
 46779 | Abyss:2  | Gained mutation: You have a pair of small antennae on your
                  | head. [potion of mutation]
 46779 | Abyss:2  | Gained mutation: You are partially covered in large bone
                  | plates. (SH +4) [potion of mutation]
 46780 | Abyss:2  | Lost mutation: You have a pair of small antennae on your
                  | head. [potion of mutation]
 46780 | Abyss:2  | Lost mutation: Scrolls take you a little longer to read.
                  | [potion of mutation]
 46780 | Abyss:2  | Gained mutation: You are agile. (Dex +2) [potion of
                  | mutation]
 46780 | Abyss:2  | Gained mutation: You are occasionally teleported next to
                  | monsters. [potion of mutation]
 46780 | Abyss:2  | Gained mutation: You are dopey. (Int -2) [potion of
                  | mutation]
 46780 | Abyss:2  | Gained mutation: You have sharp fingernails. [potion of
                  | mutation]
 46781 | Abyss:2  | Lost mutation: You are dopey. (Int -2) [potion of mutation]
 46781 | Abyss:2  | Lost mutation: Your system is resistant to poisons. (rPois)
                  | [potion of mutation]
 46781 | Abyss:2  | Lost mutation: You are agile. (Dex +2) [potion of mutation]
 46781 | Abyss:2  | Lost mutation: You evolve. [potion of mutation]
 46781 | Abyss:2  | Gained mutation: You have a pair of small horns on your
                  | head. [potion of mutation]
 46781 | Abyss:2  | Gained mutation: Your body sometimes deteriorates upon
                  | taking damage. [potion of mutation]
 46781 | Abyss:2  | Gained mutation: You are partially covered in icy blue
                  | scales. (AC +2) [potion of mutation]
 46782 | Abyss:2  | Lost mutation: You have a pair of small horns on your head.
                  | [potion of mutation]
 46782 | Abyss:2  | Lost mutation: Your body sometimes deteriorates upon taking
                  | damage. [potion of mutation]
 46782 | Abyss:2  | Lost mutation: You have sharp fingernails. [potion of
                  | mutation]
 46782 | Abyss:2  | Gained mutation: You possess an exceptional clarity of
                  | mind. [potion of mutation]
 46782 | Abyss:2  | Gained mutation: You are somewhat resistant to further
                  | mutation. [potion of mutation]
 46889 | Abyss:3  | Found a corrupted altar of Lugonu.
 47139 | Abyss:3  | Got an abyssal rune of Zot
 47245 | Depths:4 | Escaped the Abyss
 47722 | Depths:5 | Entered Level 5 of the Depths
 47742 | Depths:5 | Noticed the Enchantress
 47840 | Hell     | Entered the Vestibule of Hell
 47840 | Hell     | Noticed Geryon
 47979 | Depths:5 | Noticed a juggernaut
 47986 | Depths:4 | Reached XP level 25. HP: 217/234 MP: 20/20
 48139 | Depths:5 | Lost intelligence.
 48249 | Depths:5 | Killed a juggernaut
 48335 | Depths:5 | Reached skill level 10 in Earth Magic
 48736 | Depths:5 | Killed the Enchantress
 48939 | Depths:5 | Found Zimimayk's Weapon Emporium.
 49168 | Depths:5 | Found a gate to the Realm of Zot.
 49648 | Crypt:1  | Entered Level 1 of the Crypt
 49682 | Crypt:1  | Noticed Xtahua
 49909 | Crypt:1  | Killed Xtahua
 50381 | Vaults:5 | Entered Level 5 of the Vaults
 50427 | Vaults:5 | Noticed an ancient lich
 50437 | Vaults:5 | Killed an ancient lich
 50544 | Vaults:5 | Reached XP level 26. HP: 247/247 MP: 20/20
 50639 | Vaults:5 | Identified a scroll of acquirement
 50647 | Vaults:5 | Noticed an ancient lich
 50659 | Vaults:5 | Killed an ancient lich
 50659 | Vaults:5 | Reached skill level 24 in Evocations
 50743 | Vaults:5 | Identified the cursed +0 pair of gloves "Atoiwubi" {rN+ MR-
                  | Regen+} (You found it on level 5 of the Vaults)
 50766 | Vaults:5 | Acquired 600 gold pieces
 50985 | Vaults:5 | Got a silver rune of Zot
 50998 | Vaults:5 | Identified Caly's Lost Secrets of Spellcraft
 51239 | Vaults:5 | Identified the ring "Tylud" {rPois rF+ Str-2 Int+6 SInv}
                  | (You found it on level 5 of the Vaults)
 51320 | Vaults:5 | Noticed an ancient lich
 51344 | Vaults:5 | Killed an ancient lich
 51626 | Vaults:5 | Identified the Catalogue of Venomous Weightlessness
 52765 | Depths:3 | Lost mutation: You are occasionally teleported next to
                  | monsters. [potion of mutation]
 52765 | Depths:3 | Lost mutation: You are somewhat resistant to further
                  | mutation. [potion of mutation]
 52765 | Depths:3 | Gained mutation: You are mostly covered in large bone
                  | plates. (SH +6) [potion of mutation]
 52765 | Depths:3 | Gained mutation: You have sharp toenails. [potion of
                  | mutation]
 52765 | Depths:3 | Gained mutation: You are somewhat resistant to further
                  | mutation. [potion of mutation]
 52857 | Zot:1    | Entered Level 1 of the Realm of Zot
 52926 | Zot:1    | Noticed an orb of fire
 53242 | Depths:2 | Paralysed by a floating eye for 2 turns
 53300 | Depths:2 | Killed Azeywoun's ghost
 53307 | Depths:2 | Got a pair of warped boots
 53314 | Depths:2 | Reached XP level 27. HP: 260/260 MP: 15/15
 53358 | Depths:2 | Identified the +0 pair of boots of Divine Intercession
                  | {rPois rN+ Str+8} (You found it on level 2 of the Depths)
 53529 | Zot:1    | Gained mutation: You are clumsy. (Dex -2) [an orb of fire]
 53545 | Zot:1    | Gained mutation: You have razor-sharp toenails. [an orb of
                  | fire]
 53548 | Zot:1    | Killed an orb of fire
 53801 | Zot:1    | Noticed an orb of fire
 53805 | Zot:1    | Gained mutation: You are dopey. (Int -2) [an orb of fire]
 53814 | Zot:1    | Killed an orb of fire
 55845 | Zot:3    | Reached skill level 25 in Evocations
 56224 | Zot:4    | Acquired 1100 gold pieces
 56463 | Zot:4    | Reached skill level 15 in Earth Magic
 56763 | Zot:5    | Entered Level 5 of the Realm of Zot
 56772 | Zot:5    | Noticed an ancient lich
 56772 | Zot:5    | Noticed an orb of fire
 56773 | Zot:5    | Noticed an ancient lich
 56775 | Zot:5    | Noticed an ancient lich
 56780 | Zot:5    | Noticed an ancient lich
 56784 | Zot:5    | Killed an ancient lich
 56835 | Zot:5    | Gained mutation: Your spells are a little easier to cast,
                  | but a little less powerful. [an orb of fire]
 57012 | Zot:5    | Gained mutation: Your spells are easier to cast, but less
                  | powerful. [an orb of fire]
 57025 | Zot:5    | Gained mutation: Scrolls take you a little longer to read.
                  | [an orb of fire]
 57031 | Zot:5    | Killed an orb of fire
 57061 | Zot:5    | Killed an ancient lich
 57144 | Zot:5    | Reached skill level 15 in Transmutations
 57315 | Zot:5    | Noticed an ancient lich
 57364 | Zot:5    | Noticed an orb of fire
 57511 | Zot:4    | Killed an ancient lich
 57512 | Zot:4    | Lost mutation: You possess an exceptional clarity of mind.
                  | [potion of mutation]
 57512 | Zot:4    | Lost mutation: You are clumsy. (Dex -2) [potion of
                  | mutation]
 57512 | Zot:4    | Lost mutation: You are partially covered in icy blue
                  | scales. (AC +2) [potion of mutation]
 57512 | Zot:4    | Gained mutation: You can translocate small distances at
                  | will. [potion of mutation]
 57513 | Zot:4    | Lost mutation: You have razor-sharp toenails. [potion of
                  | mutation]
 57513 | Zot:4    | Lost mutation: Your spells are easier to cast, but less
                  | powerful. [potion of mutation]
 57513 | Zot:4    | Gained mutation: You are frail. (-10% HP) [potion of
                  | mutation]
 57514 | Zot:4    | Lost mutation: You are frail. (-10% HP) [potion of
                  | mutation]
 57514 | Zot:4    | Lost mutation: Scrolls take you a little longer to read.
                  | [potion of mutation]
 57514 | Zot:4    | Lost mutation: You are somewhat resistant to further
                  | mutation. [potion of mutation]
 57514 | Zot:4    | Lost mutation: You have sharp toenails. [potion of
                  | mutation]
 57514 | Zot:4    | Gained mutation: You tend to lose your temper in combat.
                  | [potion of mutation]
 57514 | Zot:4    | Gained mutation: You occasionally shout uncontrollably at
                  | your foes. [potion of mutation]
 57514 | Zot:4    | Gained mutation: Your skin changes colour to match your
                  | surroundings (Stealth+). [potion of mutation]
 57850 | D:11     | Found a runed translucent gate.
 57850 | D:11     | Found a runed translucent gate.
 57855 | D:11     | Lost mutation: You tend to lose your temper in combat.
                  | [potion of mutation]
 57855 | D:11     | Lost mutation: You are mostly covered in large bone plates.
                  | (SH +6) [potion of mutation]
 57855 | D:11     | Lost mutation: You occasionally shout uncontrollably at
                  | your foes. [potion of mutation]
 57855 | D:11     | Gained mutation: Your system is resistant to poisons.
                  | (rPois) [potion of mutation]
 57855 | D:11     | Lost mutation: You are dopey. (Int -2) [potion of mutation]
 57856 | D:11     | Noticed Armakuni's ghost (journeyman HuWn)
 57862 | D:11     | Found a runed translucent gate.
 57868 | D:11     | Killed Armakuni's ghost
 57948 | D:11     | Reached skill level 26 in Evocations
 58415 | Zot:5    | Killed an orb of fire
 58530 | Zot:5    | Noticed an ancient lich
 58539 | Zot:5    | Killed an ancient lich
 58546 | Zot:5    | Killed an ancient lich
 58557 | Zot:5    | Killed an ancient lich
 59702 | Crypt:2  | Noticed Saint Roka
 59723 | Crypt:2  | Killed Saint Roka
 59979 | Crypt:2  | Found an ancient bone altar of Kikubaaqudgha.
 60336 | Crypt:3  | Entered Level 3 of the Crypt
 60534 | Crypt:3  | Noticed Mennas
 60569 | Crypt:3  | Killed Mennas
 60613 | Crypt:3  | Noticed an ancient lich
 60623 | Crypt:3  | Killed an ancient lich
 60625 | Crypt:3  | Found a basalt altar of Yredelemnul.
 60677 | Crypt:3  | Identified the ring of Ashenzari's Anger {rC- rN+ Str+10
                  | Int+3 Stlth+} (You found it on level 3 of the Crypt)
 60678 | Crypt:3  | Identified the ring of Wauhey {rN+ Int+3} (You found it on
                  | level 3 of the Crypt)
 60680 | Crypt:3  | Identified the ring "Zugefuky" {*Drain rElec Str+3 SInv
                  | Stlth-} (You found it on level 3 of the Crypt)
 60839 | Crypt:3  | Found a staircase to the Tomb.
 61344 | Crypt:3  | Identified the cursed +1 eveningstar "Vufow" {pain, rElec
                  | rN+ Stlth-} (You found it on level 3 of the Crypt)
 61348 | Tomb:1   | Entered Level 1 of the Tomb of the Ancients
 62012 | Hell     | Gained mutation: Armour fits poorly on your strangely
                  | shaped body. [mutagenic glow]
 62029 | Depths:1 | Lost mutation: Your spells are a little easier to cast, but
                  | a little less powerful. [potion of mutation]
 62029 | Depths:1 | Lost mutation: Armour fits poorly on your strangely shaped
                  | body. [potion of mutation]
 62029 | Depths:1 | Lost mutation: Your skin changes colour to match your
                  | surroundings (Stealth+). [potion of mutation]
 62029 | Depths:1 | Gained mutation: Your body sometimes deteriorates upon
                  | taking damage. [potion of mutation]
 62029 | Depths:1 | Gained mutation: You are agile. (Dex +2) [potion of
                  | mutation]
 62029 | Depths:1 | Gained mutation: Your mind is acute. (Int +2) [potion of
                  | mutation]
 62030 | Depths:1 | Lost mutation: Your system is resistant to poisons. (rPois)
                  | [potion of mutation]
 62030 | Depths:1 | Lost mutation: Your body sometimes deteriorates upon taking
                  | damage. [potion of mutation]
 62030 | Depths:1 | Gained mutation: You are weak. (Str -2) [potion of
                  | mutation]
 62030 | Depths:1 | Gained mutation: You are somewhat resistant to further
                  | mutation. [potion of mutation]
 62424 | Slime:1  | Entered Level 1 of the Pits of Slime
 64203 | Slime:5  | Entered Level 5 of the Pits of Slime
 64205 | Slime:5  | Gained mutation: Your spells are a little easier to cast,
                  | but a little less powerful. [a shining eye]
 64258 | Slime:5  | Noticed the Royal Jelly
 64272 | Slime:5  | Killed the Royal Jelly
 64272 | Slime:5  | Reached skill level 27 in Evocations
 64412 | Slime:5  | Got a slimy rune of Zot
 64418 | Slime:5  | Got a flickering turquoise ring
 64479 | Slime:5  | Identified the ring of Ekauv {Fire *Corrode Int+3 Slay+5}
                  | (You found it on level 5 of the Pits of Slime)
 64483 | Slime:5  | Identified the cursed -4 pair of gloves of Lesser Demons
                  | {rC- rCorr Dex+4} (You found it on level 5 of the Pits of
                  | Slime)
 64547 | Slime:5  | Identified the +7 ring mail of Activism {rF+ Dex+4} (You
                  | found it on level 5 of the Pits of Slime)
 64900 | Orc:2    | Bought the +7 sceptre of Torment {pain, torment} for 3360
                  | gold pieces
 64900 | Orc:2    | Found the +7 sceptre of Torment {pain, torment}
 64902 | Orc:2    | Learned a level 1 spell: Animate Skeleton
 65169 | Zig:1    | Entered Level 1 of a ziggurat
 65181 | Zig:1    | Reached skill level 1 in Necromancy
 65183 | Zig:1    | Noticed a greater mummy
 65300 | Zig:2    | Entered Level 2 of a ziggurat
 65326 | Zig:2    | Identified the Collected Works on Sinister Secrets
 65342 | Zig:3    | Entered Level 3 of a ziggurat
 65342 | Zig:3    | Found the +9 staff of Wucad Mu {channel}
 65342 | Zig:3    | Noticed Pibireeg the pandemonium lord
 65357 | Zig:3    | Reached skill level 1 in Spellcasting
 65367 | Zig:3    | Killed Pibireeg the pandemonium lord
 65689 | Zig:4    | Entered Level 4 of a ziggurat
 65690 | Zig:4    | Noticed Ranizuklidd the pandemonium lord
 65718 | Zig:4    | Killed Ranizuklidd the pandemonium lord
 65762 | Zig:5    | Entered Level 5 of a ziggurat
 65895 | Zig:6    | Entered Level 6 of a ziggurat
 65906 | Zig:6    | Paralysed by accursed screaming for 2 turns
 65920 | Zig:6    | Reached skill level 5 in Necromancy
 65953 | Zig:7    | Entered Level 7 of a ziggurat
 66015 | Zig:7    | Identified the Guide on Battle Magic
 66036 | Zig:8    | Entered Level 8 of a ziggurat
 66071 | Zig:8    | Cast into level 2 of the Abyss (reaper)
 66101 | Abyss:2  | Found a stormy altar of Qazlal.
 66110 | Zig:8    | Escaped the Abyss
 66282 | Zig:9    | Entered Level 9 of a ziggurat
 66298 | Zig:9    | Noticed an ancient lich
 66317 | Zig:9    | Killed an ancient lich
 66317 | Zig:9    | Reached skill level 5 in Spellcasting
 66481 | Zig:9    | Noticed an ancient lich
 66485 | Zig:9    | Learned a level 1 spell: Apportation
 66576 | Zig:9    | Learned a level 5 spell: Lee's Rapid Deconstruction
 66743 | Zig:10   | Entered Level 10 of a ziggurat
 66812 | Zig:10   | Found the +9 heavy crossbow "Sniper" {vorpal, Acc+∞ SInv}
 66825 | Zig:10   | Identified the Compendium of the Voyage and Changing
 66827 | Zig:10   | Identified the Incunabulum of Enthralling Contamination
 66832 | Zig:10   | Identified the Collected Works on Calling and the Rocks
 66841 | Zig:10   | Identified the +6 flail "Ammekinu" {vorpal, *Corrode rF+
                  | rN+ Dex+2} (You found it on level 10 of a ziggurat)
 66863 | Zig:11   | Entered Level 11 of a ziggurat
 67066 | Zig:11   | Identified the +3 chain mail of Ympyiklu {rN+++ MP+9 Str-4
                  | Int-3} (You found it on level 11 of a ziggurat)
 67071 | Zig:11   | Identified the +6 spear of Cahixt {antimagic, *Slow rElec
                  | rC+ SInv} (You found it on level 11 of a ziggurat)
 67076 | Zig:12   | Entered Level 12 of a ziggurat
 67090 | Zig:12   | Learned a level 4 spell: Passage of Golubria
 67095 | Zig:12   | Noticed Dutsicho the pandemonium lord
 67096 | Zig:12   | Noticed Ximishrak the pandemonium lord
 67106 | Zig:12   | Noticed Moivemal the pandemonium lord
 67113 | Zig:12   | Killed Dutsicho the pandemonium lord
 67114 | Zig:12   | Noticed Zimofedgh the pandemonium lord
 67114 | Zig:12   | Noticed Nirya the pandemonium lord
 67118 | Zig:12   | Noticed Tawaha the pandemonium lord
 67123 | Zig:13   | Entered Level 13 of a ziggurat
 67275 | Zig:13   | Noticed Lemop the pandemonium lord
 67277 | Zig:13   | Noticed Corub the pandemonium lord
 67283 | Zig:13   | Killed Lemop the pandemonium lord
 67283 | Zig:13   | Reached skill level 1 in Translocations
 67285 | Zig:13   | Killed Corub the pandemonium lord
 67296 | Zig:13   | Reached skill level 10 in Necromancy
 67364 | Zig:14   | Entered Level 14 of a ziggurat
 67490 | Zig:15   | Entered Level 15 of a ziggurat
 67500 | Zig:15   | Noticed Ruugic the pandemonium lord
 67536 | Zig:15   | Killed Ruugic the pandemonium lord
 67548 | Zig:15   | Killed from afar by an Ice Fiend

Illustrated notes

Levels and vault maps discovered:
D:1:      giann_bridges, layout_basic, minmay_pentomino_q4
D:2:      layout_loops_corners, lemuel_old_faithful
D:3:      layout_basic, uniq_robin
D:4:      layout_rooms, minitemple, minmay_temple_entry_overgrown, serial_shops,
          kennysheep_mini_moat, shop, chequers_serial_rivers_micro_d,
          minmay_pentangle
D:5:      layout_cave_pools, serial_shops, nicolae_shop_overgrown_old_shop
D:6:      layout_cave_pools, gammafunk_temple_overflow_wave
D:7:      layout_loops_ring, basic_altar, serial_shops, nicolae_shop_stone,
          minmay_misc_feat_x, minivault_22, uniq_crazy_yiuf_cottage
D:8:      layout_basic, minmay_nine_imps
D:9:      layout_loops_ring, minmay_misc_feat_square, minivault_10,
          kennysheep_dice, uniq_gastronok, uniq_erolcha
D:10:     minmay_firetagon, layout_gridville, grunt_lair_entry_orc_guard_hut,
          david_orc_3, serial_shops, shop, roderic_batcave, abandoned_shop,
          grunt_ministairs_14
D:11:     layout_irregular_city, ploomutoo_gammafunk_ghost_potion_laboratory,
          uniq_psyche, uniq_maurice
D:12:     layout_loops_ring, uniq_kirke, uniq_nessos
D:13:     layout_gridville, lightli_vaults_fourway_checkpoint, serial_bayou,
          serial_bayou_shore_b, serial_bayou_pond_b, serial_bayou_lake_a,
          serial_bayou_lagoon_a, portal_ice_cave_entry_imps
D:14:     layout_small_grid, minivault_24, serial_shops, kennysheep_little_box
D:15:     grunt_enter_depths_hoard, layout_stronghold, nicolae_benzene_ring,
          cheibriados_altar_1
Temple:   nicolae_temple_elliptical
Lair:1:   layout_small_grid
Lair:2:   layout_loops_ring, serial_bayou_shore_b
Lair:3:   layout_chaotic_city, elwin_shoals_entry_rocks, basic_altar
Lair:4:   layout_regular_city, minmay_snake_entry_guardpost_small,
          beast_lair_carwin_10
Lair:5:   layout_regular_city, grunt_megastairs_1
Lair:6:   grunt_lair_end_beastmaster, layout_misc_corridors, slime_altar_2,
          special_room [special_room_jelly], zaba_antful_of_joy
Shoals:1: layout_shoals
Shoals:2: layout_shoals, gammafunk_ghost_abyssal_escape
Shoals:3: layout_shoals, serial_shops, shop, ldierk_geyser, ldierk_geyser,
          nicolae_shoals_seven_spires
Shoals:4: shoals_end_hangedman, layout_shoals, serial_shops, shop,
          nicolae_shoals_cliffside_cave
Snake:1:  layout_onion, grunt_ministairs_10, lemuel_fruit_tree
Snake:2:  layout_chambers, nrook_guardian_serpent_double, uniq_vashnia,
          uniq_jorgrun
Snake:3:  layout_grid_shapes, drop_trap, grunt_ministairs_2, minmay_shop_mayhem,
          uniq_roxanne, uniq_mara, uniq_azrael
Snake:4:  snake_pit, layout_misc_corridors
Slime:1:  layout_caves
Slime:2:  layout_caves
Slime:3:  cheibrodos_slime_lost_civilization_2, layout_caves
Slime:4:  layout_caves
Slime:5
Orc:1:    layout_caves, serial_shops, shop, uniq_urug
Orc:2:    pf_orc_diabolical, layout_diamond_mine, serial_shops,
          nicolae_shop_stone
Elf:1:    layout_loops_corners, hangedman_elven_crosses_minicolossus,
          amethyst_killhole, corner_web_ring, uniq_donald, uniq_agnes
Elf:2:    layout_gridlike, serial_shops, shop
Elf:3:    grunt_elf_hall_asides, layout_gridlike, grunt_megastairs_2,
          minmay_shop_grove
Vaults:1: gammafunk_vaults_ghost_split, nicolae_vaults_stairing_the_circle,
          v_misc_25, v_misc_32, vaults_standard_mumra_enter_the_diamond,
          layout_vaults_quadrants, serial_shops, nicolae_shop_crystal,
          uniq_asterion
Vaults:2: nicolae_vaults_halls_meeting, hangedman_vaults_stagger,
          vaults_standard_mumra_enter_the_diamond,
          minmay_crypt_entry_simple_sparse, vaults_room_grid, v_alt_pattern_3,
          vaults_mumra_minichess_inversion, hangedman_vaults_river_flow,
          nicolae_vaults_sealed_display, ontoclasm_vaults_chip,
          layout_vaults_omnibox, serial_shops, nicolae_shop_window_shopping
Vaults:3: v_pattern_4, v_misc_8, nicolae_vaults_shelves_hall,
          dpeg_vaults_monster_box, hangedman_vaults_stretched_pinwheel,
          ontoclasm_vaults_idyll, v_rooms_6, vaults_mumra_lcd,
          vaults_mumra_chevron, v_misc_31, v_misc_22,
          ontoclasm_vaults_ring_square, vaults_room_pools, layout_vaults_ring,
          uniq_boris
Vaults:4: v_misc_2, v_rooms_4, nicolae_vaults_network_star, v_alt_pattern_1,
          vaults_standard_mumra_enter_the_diamond,
          nicolae_vaults_little_squares_3, hangedman_vaults_slice,
          hangedman_vaults_stretched_pinwheel, v_rooms_5, nicolae_vaults_theta,
          layout_vaults_chaotic_city
Vaults:5: serial_shops
Crypt:1:  layout_rooms, grunt_crypt_arrival_webbed, uniq_xtahua
Crypt:2:  layout_chaotic_city, minmay_misc_feat_five, lemuel_statue_altar,
          grunt_megastairs_3, uniq_saint_roka
Crypt:3:  cryptofortress_bobbens, uniq_mennas
Tomb:1
Depths:1: layout_twisted_cross, pf_vacation_house_of_asmodeus, pan_entry,
          kennysheep_path_1, nooodl_orcs_dogs
Depths:2: minmay_the_grid_square_5x5_3x3 [minmay_the_grid_square_5x5_spiral,
          minmay_the_grid_square_5x5_n_small,
          minmay_the_grid_square_5x5_spiral_small,
          minmay_the_grid_square_5x5_inner_z,
          minmay_the_grid_square_5x5_megaprize_hollow,
          minmay_the_grid_square_5x5_bridge, minmay_the_grid_square_5x5_tie,
          minmay_the_grid_square_5x5_detours, minmay_the_grid_square_5x5_three],
          layout_gridlike, gammafunk_ghost_berserking_beasts, hellmouth_1,
          nrook_campfire, drop_trap, minmay_misc_feat_tower,
          lemuel_flamethrower_2
Depths:3: kennysheep_water_balloons, layout_gridville, enter_ziggurat_f,
          rand_demon_pan_entry_7, serial_co_window_serial, co_window_paths_b,
          co_window_of_opportunity_a, co_window_of_opportunity_a,
          co_window_corner_a, co_window_corner_a, co_window_broadway_a,
          co_window_broadway_a, co_window_unsneaky_path_d, co_window_cross_4,
          co_window_broadway_c, glass_columns_a, glass_columns_c,
          glass_columns_a, glass_columns_a, hell_entry, abyss_entry,
          infiniplex_staircase_door_maze, uniq_nikola, uniq_margery
Depths:4: minmay_inner_zag, layout_basic, hell_entry, abyss_entry,
          chequers_decorated_corner, uniq_sojobo
Depths:5: grunt_zot_entry_bicorn, layout_cave_pools, serial_shops, shop,
          hell_entry, roderic_serpentine_path, minmay_fountain_box,
          uniq_enchantress
Hell
Zot:1:    layout_cellular_growth, st_small_dragon_hoard_3, lemuel_lake_of_fire
Zot:2:    layout_cellular_growth, evilmike_ambush [evilmike_ambush_outer_basic,
          evilmike_ambush_inner_basic], lemuel_elevator
Zot:3:    evilmike_crystal_ball_defense, layout_gridlike
Zot:4:    layout_misc_corridors, lemuel_flame_loot_1
Zot:5:    layout_basic, lemuel_baited_zot_trap
Zig:15

Skill      XL: |  1  2  3  4  5  6  7  8  9 10 11 12 13 14 15 16 17 18 19 20 21 22 23 24 25 26 27 |
---------------+----------------------------------------------------------------------------------+-----
Fighting       | 3 4 5 6 7 8 9 10 11 12 13 14 15 16 17 22 | 22.3
Axes           | 3 4 5 6 8 9 10 11 | 11.0
Armour         | 4 5 6 7 8 9 10 11 12 13 14 15 16 17 18 19 22 | 22.3
Shields        | 4 5 |  5.4
Invocations    | 1 3 5 6 8 9 10 11 12 13 14 15 16 17 18 19 20 21 24 | 24.1
Evocations     | 1 3 5 7 9 11 13 15 16 17 19 20 21 22 23 24 27 | 27.0
Maces & Flails | 4 7 9 10 12 13 14 15 16 17 18 19 20 21 23 | 23.4
Transmutations | 4 7 8 9 10 11 12 13 16 | 16.2
Stealth        | 3 |  3.0
Earth Magic    | 2 7 9 11 12 18 | 18.1
Necromancy     | 10 | 10.7
Spellcasting   | 8 |  8.1
Translocations | 3 |  3.7

Action                   |  1- 3 |  4- 6 |  7- 9 | 10-12 | 13-15 | 16-18 | 19-21 | 22-24 | 25-27 || total
-------------------------+-------+-------+-------+-------+-------+-------+-------+-------+-------++-------
Melee: War axe           |   155 |   187 |   340 |   238 |       |       |       |       |       ||   920
       Great mace        |       |       |       |   277 |   718 |  1215 |  1170 |  1152 |  2448 ||  6980
       Executioner's axe |       |       |       |       |       |       |       |       |    18 ||    18
       Eveningstar       |       |       |       |       |       |       |       |       |    20 ||    20
 Cast: Wereblood         |       |       |       |       |       |     4 |       |     2 |    20 ||    26
       Apportation       |       |       |       |       |       |       |       |       |    11 ||    11
       Lee's Rapid Decon |       |       |       |       |       |       |       |       |     1 ||     1
Invok: Minor Destruction |       |       |       |       |       |     3 |     1 |     2 |       ||     6
 Abil: Heal Wounds       |     2 |     3 |     3 |     7 |     5 |    13 |     5 |     9 |    44 ||    91
       Evoke Invisibilit |       |       |    13 |    14 |    13 |    25 |     5 |    11 |     5 ||    86
       Evoke Flight      |       |       |       |       |       |       |       |     1 |       ||     1
       Blink             |       |       |       |       |       |       |       |       |     2 ||     2
Evoke: Wand              |       |       |    16 |    41 |    21 |    59 |    16 |    10 |    18 ||   181
       Condenser vane    |       |       |       |       |       |     3 |     1 |     3 |    10 ||    17
       Phantom mirror    |       |       |       |       |       |     1 |     1 |       |     4 ||     6
       Box of beasts     |       |       |       |       |       |       |       |     5 |    29 ||    34
       Lightning rod     |       |       |       |       |       |       |       |     8 |     9 ||    17
       Tin of tremorston |       |       |       |       |       |       |       |       |    11 ||    11
  Use: Scroll            |     4 |       |       |    16 |    18 |     4 |     3 |     7 |    42 ||    94
       Potion            |       |       |       |     4 |     2 |     6 |     3 |     8 |    44 ||    67
 Stab: Sleeping          |       |       |     5 |       |       |       |       |       |       ||     5
       Invisible         |       |       |    16 |    21 |    32 |    33 |     7 |    26 |     7 ||   142
       Paralysed         |       |       |     4 |     6 |     9 |     2 |       |       |     2 ||    23
       Distracted        |       |       |       |       |       |     2 |       |       |     1 ||     3
       Petrifying        |       |       |       |       |       |       |       |       |     2 ||     2
Armor: Scale mail        |    41 |       |       |       |       |       |       |       |       ||    41
       Plate armour      |    39 |    71 |       |   298 |   270 |       |       |       |       ||   678
       Ring mail         |       |    54 |   221 |    67 |       |       |       |       |       ||   342
       Fire dragon scale |       |       |       |    29 |       |       |       |       |       ||    29
       Chain mail        |       |       |       |       |   314 |   876 |   783 |   286 |       ||  2259
       Crystal plate arm |       |       |       |       |       |       |       |   620 |  2724 ||  3344
Dodge: Dodged            |    25 |    42 |   153 |   241 |   358 |   809 |   578 |   505 |  1067 ||  3778
Block: Kite shield       |    88 |    99 |   215 |   130 |       |       |       |       |       ||   532
       Other             |       |       |       |       |       |       |       |    21 |   487 ||   508

Table legend: (Time is in decaauts)
 A = Elapsed time spent in this place.
 B = Non-inter-level travel time spent in this place.
 C = Inter-level travel time spent in this place.
 D = Time resting spent in this place.
 E = Time spent auto-exploring this place.
 F = Levels seen in this place.
 G = Mean time per level.
                   A        B        C        D        E       F      G
               +--------+--------+--------+--------+--------+-----+--------+
         Total |  67026 |  58314 |   8712 |   9796 |  30214 |  81 |  827.5 |
       Dungeon |  15412 |  12799 |   2613 |   1071 |   7653 |  15 | 1027.5 |
        Temple |    144 |    121 |     23 |      0 |    114 |   1 |  144.0 |
          Lair |   5434 |   4698 |    736 |    312 |   3322 |   6 |  905.7 |
        Shoals |   3781 |   3548 |    233 |    591 |   1588 |   4 |  945.2 |
     Snake Pit |   6310 |   5904 |    406 |   2181 |   2034 |   4 | 1577.5 |
    Slime Pits |   2146 |   2000 |    146 |    289 |   1164 |   5 |  429.2 |
  Orcish Mines |   2303 |   1521 |    782 |    258 |    801 |   2 | 1151.5 |
   Elven Halls |   5628 |   4966 |    662 |   1450 |   2062 |   3 | 1876.0 |
        Vaults |   6793 |   5825 |    968 |    198 |   3934 |   5 | 1358.6 |
         Crypt |   2434 |   2219 |    215 |    200 |   1401 |   3 |  811.3 |
          Tomb |    122 |    122 |      0 |     11 |     32 |   1 |  122.0 |
        Depths |   7623 |   6203 |   1420 |   1335 |   2905 |   5 | 1524.6 |
          Hell |     79 |     79 |      0 |      0 |      0 |   1 |   79.0 |
           Zot |   4988 |   4487 |    501 |    717 |   2571 |   5 |  997.6 |
         Abyss |    755 |    755 |      0 |      3 |    357 |   5 |  151.0 |
      Ziggurat |   2193 |   2193 |      0 |   1044 |     62 |  15 |  146.2 |
      Ice Cave |    875 |    875 |      0 |    133 |    212 |   1 |  875.0 |
               +--------+--------+--------+--------+--------+-----+--------+

Top non-repeatable levels by time:
   Elf:1: 2331 daAuts
 Snake:2: 2215 daAuts
 Snake:3: 2126 daAuts
   Orc:2: 1853 daAuts
   Elf:2: 1722 daAuts
Depths:4: 1706 daAuts
Depths:3: 1689 daAuts
Depths:2: 1670 daAuts
    D:10: 1590 daAuts
    D:15: 1580 daAuts
   Elf:3: 1574 daAuts
Vaults:4: 1528 daAuts
    D:13: 1526 daAuts
Vaults:1: 1502 daAuts
Vaults:2: 1423 daAuts
